cohdb
Replays
Latest Replays
All Replays
Popular Replays
Top Player Replays
Match Explorer
How It Works
Community
CoH3 Stats
Reddit
Sign in to upload your games and track your stats! →
Sign in with Steam
Match 42140463
Unlisted
Match 42140463
Overview
Messages
Build Orders
End
Engineer Squad
Construct Barracks
M1 Mortar Team
Riflemen Squad
Riflemen Squad
Construct Medical Station
Grenade Package
Riflemen Squad
Infantry Support Center
Construct Motor Pool
M1918 Browning Automatic Rifles
M1 Anti-tank Gun Team
M8 Greyhound Armored Car
M1 Anti-tank Gun Team
Riflemen Squad
Construct Weapon Support Center
Advanced Logistics
Munitions Surplus
Survival Training
Selects Heavy Weapons
Selects Assault Carriers
Selects Halftrack Strongpoints
Selects M26 Pershing Heavy Tank
M26 Pershing Heavy Tank
M3 Assault Carrier
Riflemen Squad
Selects M2HB .50cal Heavy Machine Gun
Selects Rapid Reposition
Selects Black Dragon Artillery Barrage
M3 Assault Carrier
Scout Squad
Riflemen Squad
ko11
12345+5
Dave
Crazy Hamster
0
0
Comments
sign in to comment!
No comments posted yet!